 Dungeon Crawl Stone Soup version 0.27.1-2-g3b301248ec (webtiles) character file.

Game seed: 859089926222059158

3334 nxtlvl the Cleaver (level 10, -2/77 HPs)
             Began as a Formicid Monk on Sept 24, 2021.
             Was a Believer of Uskayaw.
             Slain by a wyvern (6 damage)
             ... on level 8 of the Dungeon.
             The game lasted 00:33:16 (3579 turns).

nxtlvl the Cleaver (Formicid Monk)                  Turns: 3579, Time: 00:33:16

Health: -2/77      AC:  4    Str: 15    XL:     10   Next: 22%
Magic:  14/14      EV: 15    Int: 11    God:    Uskayaw [**....]
Gold:   335        SH:  0    Dex: 22    Spells: 9/9 levels left

rFire    . . .     SeeInvis +   b - +0 battleaxe
rCold    . . .     Faith    .   (no shield)
rNeg     . . .     Spirit   .   c - +0 troll leather armour
rPois    .         Reflect  .   (helmet unavailable)
rElec    .         Harm     .   (no cloak)
rCorr    .         Rampage  .   (no gloves)
Will     +....                  (no boots)
Stlth    ++........             (no amulet)
HPRegen  1.22/turn              h - +6 ring of dexterity
MPRegen  0.14/turn              (no ring)

@: mighty, flying
A: permanent stasis, dig shafts and tunnels, antennae 3, four strong arms
a: Dig, Shaft Self, Renounce Religion, Stomp, Line Pass


You were on level 8 of the Dungeon.
You worshipped Uskayaw.
Uskayaw was noncommittal.
You visited 2 branches of the dungeon, and saw 9 of its levels.
You also visited: Ossuary.

You collected 335 gold pieces.

Inventory:

Hand Weapons
 a - a +0 war axe
 b - a +0 battleaxe (weapon)
 i - a +0 hunting sling
Missiles
 m - 78 arrows
 u - 22 bolts
Armour
 c - a +0 troll leather armour (worn)
 C - a +2 scale mail of fire resistance
Jewellery
 h - a +6 ring of dexterity (left hand)
Wands
 e - a wand of flame (21)
 v - a wand of paralysis (6)
 A - a wand of polymorph (5)
Scrolls
 g - 2 scrolls of noise {unknown}
 j - 2 scrolls of fear {unknown}
 n - a scroll of magic mapping {unknown}
 o - a scroll of torment {unknown}
 p - a scroll of acquirement {unknown}
 q - a scroll of amnesia {unknown}
 s - a scroll of immolation {unknown}
 w - a scroll of teleportation {unknown}
 x - 2 scrolls of vulnerability {unknown}
 y - a scroll of fog {unknown}
 B - a scroll of summoning {unknown}
 D - a scroll of identify
Potions
 d - a potion of cancellation
 f - a potion of resistance
 k - 3 potions of attraction
 r - a potion of magic
 z - a potion of curing
 F - a potion of brilliance {unknown}


   Skills:
 + Level 6.5 Fighting
 * Level 10.6 Axes
 - Level 2.0 Armour
 + Level 5.4 Dodging
 - Level 2.4 Stealth
 + Level 6.0 Invocations


You had 9 spell levels left.
You didn't know any spells.
Your spell library contained the following spells:

 Spells                   Type           Power      Damage    Failure   Level
 Magic Dart               Conj           0%         1d3       41%         1
 Corpse Rot               Necr/Air       N/A        N/A       54%         2
 Searing Ray              Conj           0%         3d3       54%         2
 Conjure Flame            Conj/Fire      0%         6-21      78%         3
 Ignite Poison            Fire/Tmut/Pois 0%         N/A       78%         3
 Dispel Undead            Necr           0%         3d6       99%         4
 Fulminant Prism          Conj/Hex       0%         3d6       99%         4
 Sticky Flame             Conj/Fire      0%         2d3       99%         4
 Fireball                 Conj/Fire      0%         3d3       100%        5
 Death Channel            Necr           0%         N/A       100%        6
 Starburst                Conj/Fire      0%         6d3       100%        6
 Ignition                 Fire           0%         3d3       100%        8


Dungeon Overview and Level Annotations

Branches:
Dungeon (8/15)             Temple (1/1) D:5         Ossuary (visited)
   Lair: D:8-11

Altars:
Ashenzari
Cheibriados
Dithmenos
Elyvilon
Gozag
Hepliaklqana
Makhleb
Nemelex Xobeh
Okawaru
Qazlal
Ru
Sif Muna
Trog
Uskayaw
Vehumet
Wu Jian
Xom
The Shining One

Shops:
D:2 :

Annotations:
D:3 Sigmund
D:4 Menkaure
D:5 3 runed translucent doors, DemonSlayer's ghost, novice TeBe; Icepheonix32's ghost, amateur KoDe


Innate Abilities, Weirdness & Mutations

You cannot be hasted, slowed, berserked, paralysed or teleported.
You can dig through walls and to a lower floor.
You have a pair of large antennae on your head. (SInv)
Your four strong arms can wield two-handed weapons with a shield.


Message History

You feel sick. The wyvern closely misses you.
Okay, then.
You slash the wyvern!
The wyvern is heavily wounded.
You feel sick. The wyvern closely misses you.
You can now pass through a line of other dancers.
You closely miss the wyvern.
The wyvern is heavily wounded.
You feel sick.
You are no longer poisoned.
The wyvern bites you! The wyvern bites you.
You slash the wyvern!
The wyvern is severely wounded.
The wyvern barely misses you. x2
You hit the wyvern but do no damage.
The wyvern is severely wounded.
The wyvern completely misses you.
You hit the wyvern.
The wyvern is almost dead.
The wyvern bites you! x2
* * * LOW HITPOINT WARNING * * *
You closely miss the wyvern.
The wyvern is almost dead.
The wyvern barely misses you. The wyvern misses you.
You feel very mighty all of a sudden. The wyvern bites you!
* * * LOW HITPOINT WARNING * * *
The wyvern closely misses you.
You hit the wyvern.
The wyvern is almost dead.
The wyvern bites you!!
* * * LOW HITPOINT WARNING * * *
Unknown command.
It was a potion of haste.
Your stasis prevents you from being hasted.
The wyvern misses you. The wyvern barely misses you.
It was a potion of flight.
You feel very buoyant.
You fly up into the air.
The wyvern bites you.
You die...

#.####........#
....##.######.# ..........#
#.# .... ....##.##.# #.# ....
....##.##.###.# l{..
....##........## ..#
.########.####.## ...# # #.#
##.## ###y..### #
#.######@#####..y..... #
#.....###l##......# ##
#####.# ##y#.#....# .## #.#
##y.#.#.## ..## ### #.#
##.#..... ...## ##.###.#
#.#.....#
....####...##.######.#.....#
....'.......................
....####...##.######......###


You could see a wyvern and 2 killer bees.

Vanquished Creatures
  A troll (D:6)
  A wyvern (D:8)
  4 yaks (D:8)
  2 wraiths (Ossuary)
  A water moccasin (D:8)
  An orc warrior (D:8)
  3 sky beasts
  A necrophage (D:5)
  3 bullfrogs (D:8)
  An elf zombie (D:8)
  2 elf skeletons (D:8)
  2 scorpions
  A water moccasin zombie (D:5)
  A killer bee (D:8)
  3 wights (Ossuary)
  2 howler monkeys
  A bullfrog zombie (D:6)
  5 centaur zombies
  4 hounds
  2 orc priests
  A human zombie (D:8)
  A bullfrog skeleton (D:5)
  An orc wizard (D:8)
  Natasha (D:4)
  4 iguanas
  A hound skeleton (D:5)
  10 adders
  3 white imps
  An adder zombie (Ossuary)
  2 dart slugs (D:3)
  9 orcs
  3 bats
  5 endoplasms
  4 giant cockroaches
  3 hobgoblins
  2 jackals (D:3)
  2 quokkas
  3 ball pythons
  A frilled lizard (D:1)
  6 goblins
  3 hobgoblin skeletons (Ossuary)
  2 hobgoblin zombies (Ossuary)
  4 kobolds
  A kobold zombie (Ossuary)
  4 orc skeletons
  4 rats
122 creatures vanquished.

Vanquished Creatures (others)
  9 plants (D:3)
  4 withered plants (D:5)
13 creatures vanquished.

Grand Total: 135 creatures vanquished

Notes
Turn   | Place    | Note
-------+----------+-------------------------------------------
     0 | D:1      | nxtlvl the Formicid Monk began the quest for the Orb.
     0 | D:1      | Reached XP level 1. HP: 18/18 MP: 1/1
   118 | D:1      | Reached XP level 2. HP: 22/24 MP: 2/2
   202 | D:1      | Found a faded altar of an unknown god.
   314 | D:2      | Found Lemausch's Book Shoppe.
   347 | D:2      | Reached skill level 4 in Axes
   347 | D:2      | Reached XP level 3. HP: 15/29 MP: 3/3
   386 | D:2      | Found a broken altar of Ashenzari.
   520 | D:2      | Reached XP level 4. HP: 24/35 MP: 4/4
   539 | D:3      | Reached skill level 5 in Axes
   578 | D:3      | Noticed Sigmund
   711 | D:3      | Reached XP level 5. HP: 39/41 MP: 5/5
   882 | D:4      | Noticed Menkaure
  1037 | D:4      | Noticed Natasha
  1182 | D:4      | Found a burning altar of Makhleb.
  1221 | D:4      | Reached skill level 6 in Axes
  1221 | D:4      | Reached XP level 6. HP: 37/47 MP: 6/6
  1339 | D:5      | Entered Level 5 of the Dungeon
  1347 | D:5      | Found a runed translucent gate.
  1348 | D:5      | Found a runed translucent gate.
  1349 | D:5      | Found a runed translucent gate.
  1350 | D:5      | Noticed DemonSlayer's ghost (novice TeBe)
  1351 | D:5      | Noticed Icepheonix32's ghost (amateur KoDe)
  1533 | D:5      | Reached skill level 7 in Axes
  1540 | D:5      | Reached XP level 7. HP: 14/52 MP: 7/7
  1642 | D:5      | Found a staircase to the Ecumenical Temple.
  1651 | Temple   | Entered the Ecumenical Temple
  1736 | Temple   | Became a worshipper of Uskayaw the Reveller
  1736 | Temple   | Reached * piety under Uskayaw
  1837 | D:6      | Reached ** piety under Uskayaw
  1886 | D:6      | Noticed a troll
  2018 | D:5      | Reached skill level 8 in Axes
  2018 | D:5      | Reached skill level 1 in Invocations
  2060 | D:5      | Reached skill level 1 in Armour
  2143 | D:4      | Reached *** piety under Uskayaw
  2144 | D:4      | Killed Natasha
  2182 | D:5      | Reached XP level 8. HP: 16/60 MP: 9/9
  2346 | D:6      | Killed a troll
  2467 | D:6      | Reached skill level 9 in Axes
  2605 | D:7      | Reached XP level 9. HP: 67/67 MP: 11/11
  2665 | D:8      | HP: 3/67 [orc warrior (16)]
  2671 | D:8      | Reached skill level 5 in Fighting
  2799 | D:8      | Reached **** piety under Uskayaw
  2859 | D:8      | Reached skill level 10 in Axes
  2859 | D:8      | Reached skill level 5 in Invocations
  3078 | D:8      | Found a sand-covered staircase.
  3108 | D:8      | Reached skill level 5 in Dodging
  3134 | Ossuary  | Entered an ossuary
  3194 | Ossuary  | Reached XP level 10. HP: 66/75 MP: 14/14
  3577 | D:8      | HP: 2/77 [wyvern (18)]
  3579 | D:8      | Slain by a wyvern

Illustrated notes

Levels and vault maps discovered:
D:1:      scummos_arrival_hexagon, layout_rooms,
          dilly_ecumenical_altar_fadedgnrine
D:2:      layout_rooms, basic_altar, serial_shops, shop, corner_web_ring
D:3:      wad_lake_hut, layout_basic, uniq_sigmund
D:4:      layout_basic, old_standard_altar, uniq_natasha, uniq_menkaure,
          uniq_pikel
D:5:      layout_basic, lemuel_temple_firewalk_b, gammafunk_ghost_cemetery
D:6:      layout_loops_ring, yredelemnul_altar_generic, grunt_ministairs_7,
          minmay_misc_feat_pillars, minmay_misc_feat_chi
D:7:      layout_basic, lemuel_doored_altar, general_overflow_altar, uniq_harold
D:8:      layout_loops_corners, nicolae_ossuary_entry_catacombs, uniq_erica
Temple:   nicolae_temple_elliptical

Skill      XL: |  1  2  3  4  5  6  7  8  9 10 |
---------------+-------------------------------+-----
Axes           | 4 5 6 7 8 9 10 | 10.6
Invocations    | 1 3 5 6 |  6.0
Armour         | 1 2 |  2.0
Dodging        | 3 4 5 |  5.4
Fighting       | 4 6 |  6.5
Stealth        | |  2.4

Action                   |  1- 3 |  4- 6 |  7- 9 | 10-12 || total
-------------------------+-------+-------+-------+-------++-------
Melee: Hand axe          |    83 |       |       |       ||    83
       War axe           |    15 |   135 |    46 |       ||   196
       Battleaxe         |       |       |   243 |    32 ||   275
Throw: Throwing net      |       |       |     2 |       ||     2
Invok: Stomp             |       |       |     4 |       ||     4
 Abil: Dig               |     1 |    12 |    15 |     2 ||    30
Evoke: Wand              |       |       |     5 |       ||     5
  Use: Scroll            |       |       |     4 |     1 ||     5
       Potion            |       |       |     5 |     3 ||     8
 Stab: Sleeping          |     2 |     2 |     6 |     3 ||    13
       Distracted        |       |     1 |       |       ||     1
       Paralysed         |       |       |    13 |     1 ||    14
       Held in net/web   |       |       |     2 |       ||     2
Armor: Ring mail         |    34 |    48 |       |       ||    82
       Robe              |     2 |       |       |       ||     2
       Scale mail        |       |    23 |    42 |       ||    65
       Troll leather arm |       |       |    38 |     1 ||    39
Dodge: Dodged            |    51 |   109 |   142 |    29 ||   331
